 Dungeon Crawl Stone Soup version 0.19.5 (webtiles) character file.

105 Locuples the Shield-Bearer (level 4, -1/40 HPs)
             Began as a Minotaur Fighter on May 5, 2017.
             Slain by a gnoll
             ... wielding a +0 halberd
              (5 damage)
             ... on level 3 of the Dungeon.
             The game lasted 00:03:46 (1411 turns).

Locuples the Shield-Bearer (Minotaur Fighter)       Turns: 1411, Time: 00:03:47

Health: -1/40      AC:  9    Str: 27    XL:     4   Next: 53%
Magic:  3/3        EV:  8    Int:  5    God:
Gold:   38         SH: 10    Dex:  9    Spells: 0 memorised, 3 levels left

rFire  . . .     SeeInvis .     a - +0 war axe
rCold  . . .     Gourm    .     b - +0 scale mail
rNeg   . . .     Faith    .     c - +0 shield
rPois  .         Spirit   .     (helmet restricted)
rElec  .         Reflect  .     (no cloak)
rCorr  .         Harm     .     q - +0 pair of gloves
MR     .....                    n - +0 pair of boots
Stlth  ..........               (no amulet)
                                (no ring)
                                (no ring)

@: mighty, lethally poisoned (-1 -> -4), very slightly contaminated, hasted,
very quick
A: retaliatory headbutt, horns 2
a: no special abilities


You were on level 3 of the Dungeon.
You were near starving.

You visited 1 branch of the dungeon, and saw 3 of its levels.

You collected 38 gold pieces.

Inventory:

Hand Weapons
 a - a +0 war axe (weapon)
Armour
 b - a +0 scale mail (worn)
 c - a +0 shield (worn)
 n - a +0 pair of boots (worn)
 q - a +0 pair of gloves (worn)
Wands
 o - a wand of digging (10/24)
Scrolls
 e - a scroll of enchant weapon {unknown}
 h - a scroll of blinking {unknown}
 j - 2 scrolls of teleportation {unknown}
 l - a scroll of recharging {unknown}
 m - 2 scrolls of remove curse {unknown}
 s - a scroll of fear {unknown}
Potions
 g - a potion of degeneration {unknown}
 i - 3 potions of curing {unknown}
Comestibles
 f - 3 bread rations
 p - a beef jerky
 r - a meat ration


   Skills:
 + Level 3.9 Fighting
 + Level 3.8 Axes
 + Level 4.5 Armour
 + Level 0.4 Dodging
 + Level 4.6 Shields


You had 3 spell levels left.
You didn't know any spells.

Dungeon Overview and Level Annotations

Branches:
Dungeon (3/15)

Altars:

Annotations:
D:3 vYxOr's ghost, amateur MiBe


Innate Abilities, Weirdness & Mutations

You reflexively headbutt those who attack you in melee.
You have a pair of horns on your head.


Message History

You closely miss the bat.
You feel sick. The bat barely misses you. You block the bat's attack.
The shadow imp hits you. The gnoll hits you but does no damage.
You block the shadow imp's attack.
A gnoll comes into view. It is wielding a spear.
You feel yourself speed up.
The gnoll shouts!
You block the bat's attack. The gnoll hits you but does no damage.
The gnoll hits you from afar with a halberd!
* * * LOW HITPOINT WARNING * * *
The kobold unwields an uncursed blowgun.
The kobold wields an uncursed dagger.
The kobold hits you with an uncursed dagger.
* * * LOW HITPOINT WARNING * * *
VYxOr's ghost wails.
The shadow imp barely misses you. You furiously retaliate!
You headbutt the shadow imp!!
You kill the shadow imp!
You are very lightly contaminated with residual magic.
You block the gnoll's attack. The gnoll hits you with a halberd.
You die...

.# ... . . ..$
#.#. #.# ###
..... #.# ....
.....###.# .....
.......#.###.....
#.#.......$......
#........(b......
###....(.@K......
#....g.gg......
#.#.........###
#..W..g.....#
............#
#............#
..##.........#
..........#


You could see vYxOr's ghost, 4 gnolls, a bat and a kobold.

Vanquished Creatures
  Jessica (D:2)
  An adder (D:2)
  A shadow imp (D:3)
  An ooze (D:2)
  A dart slug (D:1)
  2 leopard geckos
  A ball python (D:1)
  4 giant cockroaches
  6 goblins
  2 hobgoblins
  10 jackals
  9 bats
  A frilled lizard (D:1)
  3 kobolds
  8 rats (D:2)
51 creatures vanquished.

Notes
Turn   | Place    | Note
-------+----------+-------------------------------------------
     0 | D:1      | Locuples the Minotaur Fighter began the quest for the Orb.
     0 | D:1      | Reached XP level 1. HP: 19/19 MP: 0/0
    87 | D:1      | Reached XP level 2. HP: 21/26 MP: 1/1
   590 | D:1      | Reached XP level 3. HP: 33/33 MP: 2/2
   797 | D:2      | Found a faded altar of an unknown god.
   813 | D:2      | Noticed Jessica
   825 | D:2      | Killed Jessica
  1142 | D:2      | Reached XP level 4. HP: 39/40 MP: 3/3
  1409 | D:3      | Noticed vYxOr's ghost (amateur MiBe)
  1411 | D:3      | Slain by a gnoll

Skill      XL: |  1  2  3 |
---------------+----------+-----
Armour         | 4 |  4.5
Shields        | 4 |  4.6
Axes           | 3 |  3.8
Fighting       | |  3.9
Dodging        | |  0.4

Action                   |  1- 3 |  4- 6 || total
-------------------------+-------+-------++-------
Melee: War axe           |    72 |    26 ||    98
       Headbutt          |     6 |     7 ||    13
  Use: Potion            |       |     2 ||     2
Armor: Scale mail        |    45 |    15 ||    60
Dodge: Dodged            |    24 |    15 ||    39
Block: Shield            |    47 |    35 ||    82
